MLB
ST. LOUIS CARDINALS @ NEW YORK METS
04/21/2099
 
TOP OF THE 1ST
St. Louis Cardinals batting - Pitching for New York Mets : RHP Brian Craig
Pitching: RHP Brian Craig
Batting: RHB David Martinez 0-0: Ball
1-0: Called Strike
1-1: Swinging Strike
1-2: Fly out, F4 (Popup, 4, EV 75.0 MPH)
Batting: LHB Jose Nieto 0-0: Foul Ball, location: 2F
0-1: Ball
1-1: SOLO HOME RUN (Flyball, 9D, EV 104.4 MPH), Distance : 404 ft
Batting: RHB Ryan Collier 0-0: SOLO HOME RUN (Flyball, 7D, EV 93.8 MPH), Distance : 357 ft
Batting: SHB Bryan Smolka 0-0: Ball
1-0: Called Strike
1-1: Fly out, F6 (Popup, 6, EV 65.6 MPH)
Batting: RHB Jeff Saxton 0-0: Ball
1-0: Fly out, F7 (Flyball, 7LS, EV 93.8 MPH)
Top of the 1st over - 2 runs, 2 hits, 0 errors, 0 left on base; St. Louis 2 - New York 0
BOTTOM OF THE 1ST
New York Mets batting - Pitching for St. Louis Cardinals : RHP Scott Kocis
Pitching: RHP Scott Kocis
Batting: RHB Jose de la Rosa 0-0: Ground out 5-3 (Groundball, 5L, EV 67.5 MPH)
Batting: RHB Jeff Hestermann 0-0: Called Strike
0-1: Swinging Strike
0-2: Ball
1-2: Foul Ball, location: 2RF
1-2: Foul Ball, location: 9LSF
1-2: Ball
2-2: Fly out, F9 (Line Drive, 9LM, EV 101.9 MPH)
Batting: LHB Omar Gomez 0-0: DOUBLE (Line Drive, 9LM, EV 111.3 MPH)
Batting: LHB Bill Hayden 0-0: Ball
1-0: SINGLE (Groundball, 34D, EV 97.5 MPH)
Omar Gomez to third
Runner from 3rd tries for Home, SAFE, throw by RF to home
Batting: LHB Jason Nielsen 0-0: Ball
1-0: Called Strike
1-1: Ball
2-1: SINGLE (Groundball, 13S, EV 68.8 MPH) (infield hit)
Bill Hayden to second
Batting: LHB Tyler Brown 0-0: Fielders Choice at 3rd, U5 (Groundball, 5, EV 103.8 MPH)
Bottom of the 1st over - 1 run, 3 hits, 0 errors, 1 left on base; St. Louis 2 - New York 1
TOP OF THE 2ND
St. Louis Cardinals batting - Pitching for New York Mets : RHP Brian Craig
Batting: RHB Aaron Rego 0-0: Fly out, F8 (Flyball, 8RD, EV 96.3 MPH)
Batting: RHB Brodie Herian 0-0: Fly out, F8 (Line Drive, 8LM, EV 105.6 MPH)
Batting: LHB Jimmy Goldberg 0-0: Called Strike
0-1: Foul Ball, location: 7LDF
0-2: Strikes out swinging
Top of the 2nd over - 0 runs, 0 hits, 0 errors, 0 left on base; St. Louis 2 - New York 1
BOTTOM OF THE 2ND
New York Mets batting - Pitching for St. Louis Cardinals : RHP Scott Kocis
Batting: RHB Marty Krpan 0-0: SINGLE (Line Drive, 6MD, EV 96.9 MPH)
Batting: RHB Mitsuro Kishi 0-0: Ball
1-0: Ball
2-0: Foul Ball, location: 9LDF
2-1: Called Strike
2-2: Ball
3-2: Foul Ball, location: 2F
3-2: Foul Ball, location: 5DF
3-2: Foul Ball, location: 7LSF
3-2: Strikes out swinging
Batting: RHB Tim Kingsley 0-0: Fly out, F3 (Popup, 3SF, EV 69.4 MPH)
Batting: RHB Jose de la Rosa 0-0: Called Strike
0-1: Foul Ball, location: 2F
0-2: SINGLE (Line Drive, 7S, EV 91.3 MPH)
Marty Krpan to second
Batting: RHB Jeff Hestermann 0-0: Ball
1-0: Called Strike
1-1: Ball
2-1: Foul Ball, location: 5F
2-2: Foul Ball, location: 9LMF
2-2: Ball
3-2: Fly out, F9 (Flyball, 9D, EV 95.0 MPH)
Bottom of the 2nd over - 0 runs, 2 hits, 0 errors, 2 left on base; St. Louis 2 - New York 1
TOP OF THE 3RD
St. Louis Cardinals batting - Pitching for New York Mets : RHP Brian Craig
Batting: RHB Jason Rush 0-0: Ball
1-0: Ball
2-0: Called Strike
2-1: Ball
3-1: Base on Balls
Batting: RHB David Martinez 0-0: Sac Bunt to 25 - play at first, batter safe!
Jason Rush to second
Batting: LHB Jose Nieto 0-0: Ball
1-0: Swinging Strike
1-1: Ball
2-1: Foul Ball, location: 9LSF
2-2: Foul Ball, location: 7LDF
2-2: Strikes out swinging
Batting: RHB Ryan Collier 0-0: Ball
1-0: Ball
2-0: Ball
3-0: Called Strike
3-1: Swinging Strike
3-2: Strikes out looking
Batting: SHB Bryan Smolka 0-0: Ground out 5-3 (Groundball, 56S, EV 64.4 MPH)
Top of the 3rd over - 0 runs, 1 hit, 0 errors, 2 left on base; St. Louis 2 - New York 1
BOTTOM OF THE 3RD
New York Mets batting - Pitching for St. Louis Cardinals : RHP Scott Kocis
Batting: LHB Omar Gomez 0-0: Called Strike
0-1: Ball
1-1: Ball
2-1: Ground out U3 (Groundball, 23, EV 81.3 MPH)
Batting: LHB Bill Hayden 0-0: Ball
1-0: Called Strike
1-1: Reached on error, E6 (Groundball, 6, EV 105.0 MPH)
Batting: LHB Jason Nielsen 0-0: Called Strike
0-1: Ball
1-1: Ball
2-1: Ball
3-1: Foul Ball, location: 7LMF
3-2: Strikes out swinging
Batting: LHB Tyler Brown 0-0: Foul Ball, location: 7LDF
0-1: Ball
1-1: Ground out 4-3 (Groundball, 4, EV 85.6 MPH)
Bottom of the 3rd over - 0 runs, 0 hits, 1 error, 1 left on base; St. Louis 2 - New York 1
TOP OF THE 4TH
St. Louis Cardinals batting - Pitching for New York Mets : RHP Brian Craig
Batting: RHB Jeff Saxton 0-0: Ball
1-0: Ground out 6-3 (Groundball, 6M, EV 86.9 MPH)
Batting: RHB Aaron Rego 0-0: Ball
1-0: Foul Ball, location: 2F
1-1: Ball
2-1: Ball
3-1: Base on Balls
Batting: RHB Brodie Herian 0-0: Ground out 5-3 (Groundball, 56S, EV 66.9 MPH)
Aaron Rego to second
Batting: LHB Jimmy Goldberg 0-0: Ball
1-0: SINGLE (Line Drive, 78M, EV 96.9 MPH)
Aaron Rego to third
Runner from 3rd tries for Home, SAFE, throw by CF to home
Jimmy Goldberg to second
Batting: RHB Jason Rush 0-0: Called Strike
0-1: Called Strike
0-2: Strikes out swinging
Top of the 4th over - 1 run, 1 hit, 0 errors, 1 left on base; St. Louis 3 - New York 1
BOTTOM OF THE 4TH
New York Mets batting - Pitching for St. Louis Cardinals : RHP Scott Kocis
Batting: RHB Marty Krpan 0-0: Called Strike
0-1: Called Strike
0-2: Ball
1-2: Foul Ball, location: 2F
1-2: Foul Ball, location: 2F
1-2: Ball
2-2: Ball
3-2: Base on Balls
Batting: RHB Mitsuro Kishi 0-0: Called Strike
0-1: Ball
1-1: Foul Ball, location: 3F
1-2: Fly out, F9 (Flyball, 9S, EV 82.5 MPH)
Batting: RHB Tim Kingsley 0-0: Foul Ball, location: 2F
0-1: Ball
1-1: Foul Ball, location: 9LDF
1-2: Foul Ball, location: 23FF
1-2: 2-RUN HOME RUN (Flyball, 7D, EV 94.4 MPH), Distance : 354 ft
Batting: RHB Jose de la Rosa 0-0: Ball
1-0: Ball
2-0: Ball
3-0: SOLO HOME RUN (Flyball, 9D, EV 105.6 MPH), Distance : 399 ft
Batting: RHB Jeff Hestermann 0-0: Ball
1-0: SOLO HOME RUN (Flyball, 8RXD, EV 100.0 MPH), Distance : 418 ft
Batting: LHB Omar Gomez 0-0: Foul Ball, location: 5F
0-1: Foul Ball, location: 7LMF
0-2: SOLO HOME RUN (Flyball, 9LD, EV 98.1 MPH), Distance : 346 ft
Pitching: RHP Mike Resop
Batting: LHB Bill Hayden 0-0: Called Strike
0-1: Fly out, F2 (Popup, 2L, EV 95.6 MPH)
Batting: LHB Jason Nielsen 0-0: Called Strike
0-1: Ball
1-1: Ball
2-1: Ball
3-1: SOLO HOME RUN (Flyball, 9LD, EV 99.4 MPH), Distance : 382 ft
Batting: LHB Tyler Brown 0-0: Ball
1-0: Called Strike
1-1: Ball
2-1: Called Strike
2-2: SINGLE (Flyball, 9LS, EV 92.5 MPH)
Batting: RHB Marty Krpan 0-0: Called Strike
0-1: Fly out, F9 (Flyball, 89S, EV 96.9 MPH)
Bottom of the 4th over - 6 runs, 6 hits, 0 errors, 1 left on base; St. Louis 3 - New York 7
TOP OF THE 5TH
St. Louis Cardinals batting - Pitching for New York Mets : RHP Brian Craig
Batting: RHB David Martinez 0-0: Swinging Strike
0-1: Ball
1-1: Swinging Strike
1-2: Foul Ball, location: 2F
1-2: Foul Ball, location: 9LMF
1-2: Ground out 5-3 (Groundball, 56S, EV 72.5 MPH)
Batting: LHB Jose Nieto 0-0: Ball
1-0: Ball
2-0: Ball
3-0: Called Strike
3-1: SINGLE (Line Drive, 78S, EV 89.4 MPH)
Batting: RHB Ryan Collier 0-0: Ball
1-0: Swinging Strike
1-1: Ball
2-1: Ball
3-1: Called Strike
3-2: Strikes out swinging
Batting: SHB Bryan Smolka 0-0: Foul Ball, location: 3FF
0-1: Ball
1-1: SINGLE (Line Drive, 4MD, EV 71.3 MPH)
Jose Nieto to second
Batting: RHB Jeff Saxton 0-0: Ground out 5-3 (Groundball, 25, EV 88.8 MPH)
Top of the 5th over - 0 runs, 2 hits, 0 errors, 2 left on base; St. Louis 3 - New York 7
BOTTOM OF THE 5TH
New York Mets batting - Pitching for St. Louis Cardinals : RHP Mike Resop
Batting: RHB Mitsuro Kishi 0-0: Called Strike
0-1: Ball
1-1: Foul Ball, location: 9LMF
1-2: Ball
2-2: SINGLE (Groundball, 4MD, EV 110.6 MPH)
Batting: RHB Tim Kingsley 0-0: Ball
1-0: Called Strike
1-1: Foul Ball, location: 23FF
1-2: Foul Ball, location: 2F
1-2: Foul Ball, location: 9LDF
1-2: Strikes out swinging
Batting: RHB Jose de la Rosa 0-0: Ball
1-0: Grounds into double play, 6-4-3 (Groundball, 6S, EV 86.3 MPH)
Bottom of the 5th over - 0 runs, 1 hit, 0 errors, 0 left on base; St. Louis 3 - New York 7
TOP OF THE 6TH
St. Louis Cardinals batting - Pitching for New York Mets : RHP Brian Craig
Batting: RHB Aaron Rego 0-0: Ball
1-0: Ball
2-0: Fly out, F7 (Flyball, 7S, EV 87.5 MPH)
Batting: RHB Brodie Herian 0-0: Called Strike
0-1: Ball
1-1: Ball
2-1: Foul Ball, location: 2F
2-2: Strikes out swinging
Batting: LHB Jimmy Goldberg 0-0: Fly out, F6 (Popup, 6MD, EV 46.9 MPH)
Top of the 6th over - 0 runs, 0 hits, 0 errors, 0 left on base; St. Louis 3 - New York 7
BOTTOM OF THE 6TH
New York Mets batting - Pitching for St. Louis Cardinals : RHP Mike Resop
Batting: RHB Jeff Hestermann 0-0: Ball
1-0: Ball
2-0: Called Strike
2-1: Fly out, F6 (Popup, 6MS, EV 68.1 MPH)
Batting: LHB Omar Gomez 0-0: Foul Ball, location: 25F
0-1: Ground out 6-3 (Groundball, 6, EV 85.0 MPH)
Batting: LHB Bill Hayden 0-0: Ball
1-0: Called Strike
1-1: Ball
2-1: Ball
3-1: Swinging Strike
3-2: SINGLE (Groundball, 6D, EV 100.6 MPH)
Batting: LHB Jason Nielsen 0-0: Ball
1-0: Called Strike
1-1: Foul Ball, location: 23F
1-2: Ball
2-2: Foul Ball, location: 2F
2-2: Fly out, F8 (Flyball, 8LM, EV 94.4 MPH)
Bottom of the 6th over - 0 runs, 1 hit, 0 errors, 1 left on base; St. Louis 3 - New York 7
TOP OF THE 7TH
St. Louis Cardinals batting - Pitching for New York Mets : RHP Brian Craig
Batting: RHB Jason Rush 0-0: Ball
1-0: Ball
2-0: Ball
3-0: Base on Balls
Pinch Hitting: LHB Jeremiah Ford 0-0: Called Strike
0-1: Ball
1-1: Ball
2-1: SINGLE (Line Drive, 6MD, EV 95.6 MPH)
Jason Rush to second
Batting: LHB Jose Nieto 0-0: Ball
1-0: Foul Ball, location: 2F
1-1: Ball
2-1: Foul Ball, location: 2F
2-2: Grounds into double play, 5-4-3 (Groundball, 56, EV 100.6 MPH)
Jason Rush to third
Batting: RHB Ryan Collier 0-0: Ball
1-0: Ground out 5-3 (Groundball, 5S, EV 84.4 MPH)
Top of the 7th over - 0 runs, 1 hit, 0 errors, 1 left on base; St. Louis 3 - New York 7
BOTTOM OF THE 7TH
New York Mets batting - Pitching for St. Louis Cardinals : RHP Mike Resop
Pitching: RHP Danny Ferguson
Now in LF: Jeremiah Ford
Batting: LHB Tyler Brown 0-0: Called Strike
0-1: Ball
1-1: Ball
2-1: Foul Ball, location: 2F
2-2: Ground out 4-3 (Groundball, 4, EV 106.9 MPH)
Batting: RHB Marty Krpan 0-0: Foul Ball, location: 25F
0-1: Swinging Strike
0-2: Ball
1-2: Strikes out swinging
Batting: RHB Mitsuro Kishi 0-0: Swinging Strike
0-1: Ball
1-1: Foul Ball, location: 23F
1-2: Fly out, F9 (Line Drive, 89M, EV 102.5 MPH)
Bottom of the 7th over - 0 runs, 0 hits, 0 errors, 0 left on base; St. Louis 3 - New York 7
TOP OF THE 8TH
St. Louis Cardinals batting - Pitching for New York Mets : RHP Brian Craig
Batting: SHB Bryan Smolka 0-0: Ball
1-0: SOLO HOME RUN (Flyball, 89XD, EV 112.5 MPH), Distance : 456 ft
Pinch Hitting: LHB Ramon Lara 0-0: Called Strike
0-1: Swinging Strike
0-2: Ball
1-2: Ball
2-2: Ball
3-2: Foul Ball, location: 7LSF
3-2: SINGLE (Line Drive, 4D, EV 99.4 MPH)
Pinch Hitting: LHB Jonathan Steben 0-0: Called Strike
0-1: Ball
1-1: Ball
2-1: Foul Ball, location: 2F
2-2: Ball
3-2: DOUBLE (Flyball, 8RD, EV 101.9 MPH)
Ramon Lara to third
Pitching: RHP Zaire Shaw
Batting: RHB Brodie Herian 0-0: Ball
1-0: Fielders Choice at home, 4-2 (Groundball, 4S, EV 71.3 MPH)
Jonathan Steben to third
Batting: LHB Jimmy Goldberg 0-0: Ball
1-0: Foul Ball, location: 7LMF
1-1: Swinging Strike
1-2: Ball
Wild Pitch!
Jonathan Steben scores
Brodie Herian to second
2-2: Strikes out swinging
Batting: RHB Jason Rush 0-0: Called Strike
0-1: Foul Ball, location: 9LDF
0-2: Ball
1-2: Ball
2-2: Strikes out swinging
Top of the 8th over - 2 runs, 3 hits, 0 errors, 1 left on base; St. Louis 5 - New York 7
BOTTOM OF THE 8TH
New York Mets batting - Pitching for St. Louis Cardinals : RHP Danny Ferguson
Now at 2B: Izzy Mina
Now in RF: Ramon Lara
Batting: RHB Tim Kingsley 0-0: Ball
1-0: Swinging Strike
1-1: Called Strike
1-2: Ground out 4-3 (Groundball, 4, EV 88.8 MPH)
Batting: RHB Jose de la Rosa 0-0: Ball
1-0: Called Strike
1-1: Ball
2-1: Foul Ball, location: 2RF
2-2: Fly out, F5 (Popup, 5F, EV 61.9 MPH)
Batting: RHB Jeff Hestermann 0-0: Fly out, F4 (Line Drive, 4M, EV 67.5 MPH)
Bottom of the 8th over - 0 runs, 0 hits, 0 errors, 0 left on base; St. Louis 5 - New York 7
TOP OF THE 9TH
St. Louis Cardinals batting - Pitching for New York Mets : RHP Zaire Shaw
Pitching: RHP Francisco Flores
Batting: LHB Jeremiah Ford 0-0: Called Strike
0-1: Called Strike
0-2: Ball
1-2: Ball
2-2: Fly out, F7 (Flyball, 78S, EV 88.1 MPH)
Batting: LHB Jose Nieto 0-0: Called Strike
0-1: Swinging Strike
0-2: Ball
1-2: Strikes out swinging
Batting: RHB Ryan Collier 0-0: Ball
1-0: Ball
2-0: Ball
3-0: Foul Ball, location: 5F
3-1: Base on Balls
Batting: SHB Bryan Smolka 0-0: Ball
1-0: Called Strike
1-1: Foul Ball, location: 2F
1-2: Foul Ball, location: 7LSF
1-2: Ball
2-2: Ball
3-2: Base on Balls
Ryan Collier to second
Batting: LHB Ramon Lara 0-0: Swinging Strike
0-1: Foul Ball, location: 7LDF
0-2: Strikes out looking
Top of the 9th over - 0 runs, 0 hits, 0 errors, 2 left on base; St. Louis 5 - New York 7
Saturday, May 4th , 2024 - OOTP Baseball 24.11 Build 85